[Event "Titled Tuesday Blitz July 4 Early 2023"]
[White "Materia, Marco"]
[Black "Eljanov, Pavel"]
[WhiteFideId "45150451"]
[BlackFideId "14102951"]
[WhiteElo "2510"]
[BlackElo "2947"]
[Result "1-0"]
[Round "1"]
[TimeControl "180+2"]
[Date "2023.07.04"]
[WhiteClock "0:00:32"]
[BlackClock "0:00:00"]
[Board "24"]

1. d4 d5 2. c4 e6 3. Nf3 Nf6 4. Nc3 Be7 5. Bg5 h6 6. Bh4 O-O 7. e3 Nbd7 8. Qc2 Re8 9. Be2 dxc4 10. Bxc4 a6 11. a4 c5 12. O-O cxd4 13. Nxd4 Ne5 14. Be2 Bd7 15. Rfd1 Rc8 16. Qb3 Ng6 17. Bg3 e5 18. Nf5 Qc7 19. Nxe7+ Rxe7 20. Rac1 Be6 21. Qa3 Rd7 22. h3 Rxd1+ 23. Rxd1 Qb6 24. a5 Qb3 25. Qxb3 Bxb3 26. Rd6 Rc7 27. Bd3 Re7 28. Ne4 Ne8 29. Rb6 Bd5 30. Nc3 Be6 31. Be4 Bc8 32. Bxg6 fxg6 33. e4 Nf6 34. f3 Kf7 35. Bf2 g5 36. Kf1 Be6 37. Ke1 Rc7 38. Kd2 Nd7 39. Rb4 Nb8 40. Rb6 Rd7+ 41. Kc1 Nc6 42. b4 Nd4 43. Bxd4 exd4 44. Nd5 Bxd5 45. exd5 Rxd5 46. Rxb7+ Ke6 47. Rb6+ Rd6 48. b5 axb5 49. Rxb5 Rc6+ 50. Kd2 Rc3 51. Rb4 Kd5 52. Ra4 1-0


[Site "https://www.chess.com"]

[Event "Titled Tuesday Blitz July 4 Early 2023"]
[White "Matlakov, Maxim"]
[Black "Belov, Alexei"]
[WhiteFideId "4168003"]
[BlackFideId "4128206"]
[WhiteElo "2938"]
[BlackElo "2509"]
[Result "1-0"]
[Round "1"]
[TimeControl "180+2"]
[Date "2023.07.04"]
[WhiteClock "0:01:26"]
[BlackClock "0:00:00"]
[Board "25"]

1. Nf3 d5 2. e3 Nf6 3. c4 e6 4. Nc3 Be7 5. b3 O-O 6. Bb2 c5 7. cxd5 exd5 8. d4 Nc6 9. Be2 cxd4 10. Nxd4 Bc5 11. Nxc6 bxc6 12. O-O Bd6 13. Na4 Bd7 14. Rc1 Ne4 15. Nc3 Nxc3 16. Bxc3 Re8 17. Qd4 Be5 18. Qd2 Bd6 19. g3 Qe7 20. Bf3 Bh3 21. Rfe1 Bf5 22. Bg2 Be4 23. Qd4 f6 24. Bxe4 Qxe4 25. Qxe4 dxe4 26. Bd4 Rec8 27. Rc4 a5 28. Rec1 Ra6 29. g4 h5 30. h3 hxg4 31. hxg4 Ba3 32. R1c2 Kf7 33. Kg2 g6 34. Bc3 f5 35. Ra4 Be7 36. Rd2 Rc7 37. Rxa5 Rxa5 38. Bxa5 Ra7 39. Bb6 Ra6 40. Bd4 Ke6 41. gxf5+ gxf5 42. a4 c5 43. Bh8 Bd6 44. Bc3 Rb6 45. Rb2 Rb7 46. a5 Ra7 47. Ra2 Kd5 48. Kh3 Rh7+ 49. Kg2 Ra7 50. Kf1 Kc6 51. Ke2 Kb5 52. Rd2 Bc7 53. Rd5 Bxa5 54. Bf6 Bb4 55. Rxf5 Ra2+ 56. Kf1 Rd2 57. Rf4 Rd3 58. Rxe4 Rxb3 59. f4 c4 60. f5 c3 61. Bxc3 Rxc3 62. f6 Bc5 63. f7 Kc6 64. Re8 Kd5 65. Ke2 Rc4 66. Rc8 Bf8 67. Rxf8 Ke6 68. Kf3 Ra4 69. Rh8 1-0


[Site "https://www.chess.com"]

[Event "Titled Tuesday Blitz July 4 Early 2023"]
[White "Principe, Gerson"]
[Black "Shimanov, Aleksandr"]
[WhiteFideId "3804550"]
[BlackFideId "4198603"]
[WhiteElo "2508"]
[BlackElo "2930"]
[Result "1-0"]
[Round "1"]
[TimeControl "180+2"]
[Date "2023.07.04"]
[WhiteClock "0:00:14"]
[BlackClock "0:00:00"]
[Board "26"]

1. d4 d6 2. Nf3 g6 3. e3 Bg7 4. Be2 Nd7 5. O-O e5 6. c3 Ne7 7. b4 O-O 8. Bb2 f5 9. c4 h6 10. Nc3 g5 11. dxe5 dxe5 12. c5 Kh8 13. Bc4 e4 14. Nd4 Ne5 15. Be2 c6 16. Qc2 Qe8 17. Rae1 N7g6 18. Nb1 g4 19. f4 exf3 20. gxf3 Nh4 21. f4 Neg6 22. Bd3 Ne7 23. Qf2 Qh5 24. Nd2 Nd5 25. a3 Bd7 26. Nc4 b6 27. Ne5 Qe8 28. Qxh4 bxc5 29. bxc5 Rb8 30. Ba1 Kg8 31. Nxd7 Qxd7 32. Qh5 Ne7 33. Bc4+ Kh7 34. Bd3 Kg8 35. Rd1 Qe8 36. Qh4 Nd5 37. Rfe1 Qg6 38. Qf2 Kh8 39. Kh1 Rbe8 40. Nc2 Bxa1 41. Rxa1 h5 42. Nd4 Qf6 43. Rad1 h4 44. Nxf5 g3 45. hxg3 hxg3 46. Qxg3 Rf7 47. Re2 Rh7+ 48. Rh2 Rxh2+ 49. Qxh2+ Kg8 50. Rg1+ Kf8 51. Qh7 Qf7 52. Qh8+ 1-0


[Site "https://www.chess.com"]

[Event "Titled Tuesday Blitz July 4 Early 2023"]
[White "Chigaev, Maksim"]
[Black "Mattheii"]
[WhiteFideId "4108116"]
[WhiteElo "2928"]
[BlackElo "2508"]
[Result "1-0"]
[Round "1"]
[TimeControl "180+2"]
[Date "2023.07.04"]
[WhiteClock "0:00:10"]
[BlackClock "0:00:03"]
[Board "27"]

1. e4 c5 2. Nf3 Nc6 3. Nc3 d6 4. Bb5 Bd7 5. O-O Nf6 6. Bxc6 Bxc6 7. e5 dxe5 8. Nxe5 Qc7 9. Qe2 e6 10. Nb5 Bxb5 11. Qxb5+ Nd7 12. Nf3 a6 13. Qa4 Be7 14. Re1 O-O 15. d3 Bf6 16. Bf4 Qc8 17. Rab1 Rd8 18. h4 Nb6 19. Qe4 Nd5 20. Bg5 h6 21. Bd2 Qc6 22. Qg4 Kh8 23. Ne5 Qc7 24. Qh5 Bxe5 25. Qxe5 Qxe5 26. Rxe5 Rac8 27. b3 b6 28. a4 a5 29. g4 Nb4 30. Rc1 Na2 31. Rb1 Nb4 32. Rb2 Nc6 33. Re4 Nd4 34. Kg2 Kg8 35. Re1 Rd5 36. Bc3 Rcd8 37. h5 Rg5 38. f3 Rgd5 39. Bd2 Nc6 40. Bf4 R8d7 41. Rbb1 Nd4 42. Rbc1 Nc6 43. Re4 e5 44. Bg3 f6 45. Rf1 Nd4 46. Rf2 Ne6 47. f4 Nxf4+ 48. Bxf4 exf4 49. Rfxf4 Kf7 50. Kf3 R5d6 51. Rf5 Rd5 52. Kf4 Rxf5+ 53. gxf5 Rd6 54. Kg4 Rc6 55. c3 Rd6 56. Re3 Rd5 57. Kf4 Rd7 58. Ke4 Rd8 59. d4 cxd4 60. cxd4 Ke7 61. Kd3+ Kd7 62. Kc4 Kc6 63. Re6+ Kb7 64. Re7+ Kc6 65. Rxg7 Kd6 66. Rg6 Rc8+ 67. Kd3 Ke7 68. Rg7+ Kd6 69. Rf7 Rc1 70. Rxf6+ Kc7 71. Rxh6 Rd1+ 72. Ke4 Rb1 73. f6 Re1+ 74. Kf5 Rf1+ 75. Kg6 Kd6 76. Kg7 Ke6 77. d5+ Kd7 78. f7 Ke7 79. d6+ Kd7 80. f8=Q 1-0


[Site "https://www.chess.com"]

[Event "Titled Tuesday Blitz July 4 Early 2023"]
[White "Ronka, Erik"]
[Black "Xiong, Jeffery"]
[WhiteFideId "505080"]
[BlackFideId "2047640"]
[WhiteElo "2507"]
[BlackElo "2928"]
[Result "1/2-1/2"]
[Round "1"]
[TimeControl "180+2"]
[Date "2023.07.04"]
[WhiteClock "0:00:17"]
[BlackClock "0:01:04"]
[Board "28"]

1. e4 c5 2. Nf3 d6 3. d4 cxd4 4. Nxd4 Nf6 5. Nc3 a6 6. Be3 Nbd7 7. f3 h5 8. Qd2 b5 9. a4 bxa4 10. Nxa4 e6 11. Be2 Bb7 12. O-O d5 13. exd5 Nxd5 14. Bf2 Qc7 15. c4 Nf4 16. b4 Bd6 17. c5 Nxe2+ 18. Qxe2 Bxh2+ 19. Kh1 Be5 20. f4 Bxd4 21. Bxd4 Bc6 22. f5 e5 23. Nb6 Nxb6 24. cxb6 Qe7 25. Bc5 Qh4+ 26. Kg1 f6 27. Rxa6 Qe4 28. Rxa8+ Bxa8 29. Qxe4 Bxe4 30. Ra1 Kd7 31. Ra7+ Kc6 32. Rxg7 Rd8 33. b7 Rb8 34. Kf2 Rxb7 35. Rxb7 Kxb7 36. Be7 Bxf5 37. Bxf6 e4 38. Be5 Kc6 39. Ke3 Kb5 40. Kf4 Bd7 41. Bd4 Kxb4 42. Kxe4 Bc6+ 43. Kf4 Bxg2 44. Kg3 Bd5 45. Bg1 Kc4 46. Kh4 Bf7 47. Bh2 Kd5 48. Bf4 Ke4 49. Bg5 Kf5 50. Bd8 Kg6 51. Bg5 Be6 52. Bd8 Bd7 53. Bg5 Bc8 54. Bd8 Bd7 55. Bg5 Bc8 56. Bd8 Bd7 1/2-1/2


[Site "https://www.chess.com"]

[Event "Titled Tuesday Blitz July 4 Early 2023"]
[White "Lenderman, Aleksandr"]
[Black "Tifferet, Shaked"]
[WhiteFideId "2021285"]
[BlackFideId "2811529"]
[WhiteElo "2919"]
[BlackElo "2507"]
[Result "1-0"]
[Round "1"]
[TimeControl "180+2"]
[Date "2023.07.04"]
[WhiteClock "0:02:34"]
[BlackClock "0:01:10"]
[Board "29"]

1. Nf3 Nf6 2. c4 b6 3. g3 Bb7 4. Bg2 g6 5. O-O Bg7 6. d4 O-O 7. d5 b5 8. Nfd2 a6 9. e4 d6 10. Nc3 c6 11. dxc6 Nxc6 12. Re1 bxc4 13. Nxc4 Na5 14. e5 dxe5 15. Qxd8 Rfxd8 16. Nxa5 Bxg2 17. Kxg2 Nd5 18. Nc6 1-0


[Site "https://www.chess.com"]

[Event "Titled Tuesday Blitz July 4 Early 2023"]
[White "Pham, Le Thao Nguyen"]
[Black "Sanal, Vahap"]
[WhiteFideId "12401226"]
[BlackFideId "6300545"]
[WhiteElo "2506"]
[BlackElo "2916"]
[Result "0-1"]
[Round "1"]
[TimeControl "180+2"]
[Date "2023.07.04"]
[WhiteClock "0:00:00"]
[BlackClock "0:00:49"]
[Board "30"]

1. d4 d6 2. c4 e5 3. Nc3 exd4 4. Qxd4 Nc6 5. Qd2 Nf6 6. Nf3 g6 7. b3 Bg7 8. Bb2 O-O 9. e3 Be6 10. Be2 d5 11. Ng5 d4 12. exd4 Nxd4 13. Nxe6 fxe6 14. O-O-O c5 15. Kb1 Qa5 16. Bd3 Rad8 17. f3 Nh5 18. Ne4 Qc7 19. Qg5 b6 20. Qh4 Nf4 21. Qg3 Be5 22. Qf2 Nxf3 23. Bxe5 Nxe5 24. Bc2 Nc6 25. Qh4 Nd4 26. Ng5 Nxg2 27. Qh6 Qg7 28. Qxg7+ Kxg7 29. Be4 Nf4 30. h4 h6 31. Nh3 Nfe2 32. Kb2 Ng3 33. Rhe1 e5 34. Ng1 Rf2+ 35. Kb1 Rdf8 36. Bd5 Nge2 37. Nxe2 Nxe2 0-1


[Site "https://www.chess.com"]

[Event "Titled Tuesday Blitz July 4 Early 2023"]
[White "Svane, Rasmus"]
[Black "Mica, Marek"]
[WhiteFideId "4657101"]
[BlackFideId "382884"]
[WhiteElo "2916"]
[BlackElo "2506"]
[Result "1-0"]
[Round "1"]
[TimeControl "180+2"]
[Date "2023.07.04"]
[WhiteClock "0:00:57"]
[BlackClock "0:00:13"]
[Board "31"]

1. Nf3 d5 2. g3 Nf6 3. Bg2 e6 4. O-O Be7 5. c4 O-O 6. b3 c5 7. cxd5 exd5 8. d4 b6 9. Bb2 Re8 10. Nc3 Bf8 11. Rc1 Bb7 12. e3 Nbd7 13. Re1 Rc8 14. Re2 a6 15. dxc5 bxc5 16. Rec2 Bd6 17. Nh4 Nb6 18. Ne2 Ba8 19. Nf5 Bf8 20. Nf4 g6 21. Nh4 Ne4 22. Nf3 a5 23. Nd2 Nxd2 24. Qxd2 a4 25. h4 axb3 26. axb3 h5 27. Ba3 c4 28. Bxf8 Rxf8 29. Qd4 cxb3 30. Rxc8 Nxc8 31. Bxd5 b2 32. Rb1 Nb6 33. Nxg6 Kh7 34. Nxf8+ 1-0


[Site "https://www.chess.com"]

[Event "Titled Tuesday Blitz July 4 Early 2023"]
[White "Novik, Maxim"]
[Black "Ibarra Jerez, Jose Carlos"]
[WhiteFideId "4102924"]
[BlackFideId "2226332"]
[WhiteElo "2503"]
[BlackElo "2915"]
[Result "0-1"]
[Round "1"]
[TimeControl "180+2"]
[Date "2023.07.04"]
[WhiteClock "0:00:30"]
[BlackClock "0:01:37"]
[Board "32"]

1. d4 Nf6 2. c4 d6 3. Nc3 e5 4. Nf3 e4 5. Ng5 Qe7 6. Qc2 Bf5 7. f3 Nc6 8. e3 Nxd4 9. Qd1 Nc6 10. f4 h6 11. Nh3 Bxh3 12. gxh3 g6 13. b3 Bg7 14. Bb2 O-O 15. Qd2 a5 16. O-O-O Nb4 17. Kb1 Rfe8 18. Be2 Nd3 19. Bxd3 exd3 20. Rhe1 a4 21. Qxd3 axb3 22. axb3 Qe6 23. e4 Nh5 24. Nd5 Bxb2 25. Kxb2 Nxf4 26. Qc3 Nxd5 27. exd5 Qf5 28. b4 Qf2+ 29. Qc2 Ra2+ 0-1


[Site "https://www.chess.com"]

[Event "Titled Tuesday Blitz July 4 Early 2023"]
[White "Durarbayli, Vasif"]
[Black "Keleberda, Tymur"]
[WhiteFideId "13402935"]
[BlackFideId "14174294"]
[WhiteElo "2913"]
[BlackElo "2501"]
[Result "1-0"]
[Round "1"]
[TimeControl "180+2"]
[Date "2023.07.04"]
[WhiteClock "0:00:06"]
[BlackClock "0:00:08"]
[Board "33"]

1. e4 c5 2. Nf3 d6 3. d4 cxd4 4. Nxd4 Nf6 5. Nc3 a6 6. Be2 e5 7. Nb3 Be7 8. Be3 Be6 9. O-O O-O 10. Re1 Qc7 11. a4 Nc6 12. Nd5 Bxd5 13. exd5 Nb4 14. c4 a5 15. Nd2 b6 16. Nb1 Nd7 17. Nc3 f5 18. Nb5 Qb7 19. f4 Rac8 20. Ra3 Rfe8 21. fxe5 Nxe5 22. Bd4 Qd7 23. Bxb6 Nxc4 24. Bxc4 Rxc4 25. Rc3 Rec8 26. Bxa5 Bf6 27. Rxc4 Rxc4 28. Qb3 Rf4 29. Bxb4 Qb7 30. Bxd6 Rd4 31. Kh1 Re4 32. Rxe4 fxe4 33. Bg3 Qc8 34. d6+ Kf8 35. Nc3 Qf5 36. Qd1 e3 37. d7 Qa5 38. b4 Qc7 1-0


[Site "https://www.chess.com"]

[Event "Titled Tuesday Blitz July 4 Early 2023"]
[White "Devaev, Alexander"]
[Black "Vokhidov, Shamsiddin"]
[WhiteFideId "4169395"]
[BlackFideId "14204223"]
[WhiteElo "2501"]
[BlackElo "2911"]
[Result "0-1"]
[Round "1"]
[TimeControl "180+2"]
[Date "2023.07.04"]
[WhiteClock "0:00:06"]
[BlackClock "0:01:25"]
[Board "34"]

1. Nf3 c5 2. c4 Nf6 3. Nc3 Nc6 4. e3 e6 5. Be2 d5 6. cxd5 Nxd5 7. O-O Be7 8. a3 O-O 9. Qc2 b6 10. Ne4 Bb7 11. d3 Rc8 12. Re1 Qd7 13. Rb1 Rfd8 14. Bf1 h6 15. b3 f5 16. Ng3 e5 17. Bb2 Bf6 18. Ba1 g6 19. h3 Nde7 20. Rbc1 a5 21. Qb1 Kg7 22. Nd2 Qe6 23. Qc2 h5 24. Nc4 h4 25. Ne2 Nb8 26. Qb1 Ba6 27. Nc3 Rc7 28. Qc2 Rb7 29. Na4 Nd7 30. Nd2 b5 31. Nxc5 Nxc5 32. Qxc5 Rc8 33. d4 Rxc5 34. dxc5 b4 35. c6 Ra7 36. c7 Bxf1 37. Nxf1 Qc8 38. axb4 axb4 39. f4 Rxc7 40. Rcd1 exf4 41. Bxf6+ Kxf6 42. exf4 Rc6 43. Ne3 Re6 44. Rc1 Qb8 45. Rc4 Qb6 46. Kf2 Nd5 0-1


[Site "https://www.chess.com"]

[Event "Titled Tuesday Blitz July 4 Early 2023"]
[White "Dardha, Daniel"]
[Black "Fantastic_Power"]
[WhiteFideId "240990"]
[WhiteElo "2909"]
[BlackElo "2500"]
[Result "1-0"]
[Round "1"]
[TimeControl "180+2"]
[Date "2023.07.04"]
[WhiteClock "0:02:44"]
[BlackClock "0:01:30"]
[Board "35"]

1. d4 Nf6 2. Bg5 e6 3. e4 h6 4. Bxf6 Qxf6 5. e5 Qd8 6. Bd3 d6 7. Qg4 c5 8. dxc5 dxc5 9. Nf3 Nc6 10. Nc3 g6 11. O-O-O Qb6 12. Bxg6 Rg8 13. Bxf7+ Kxf7 14. Qf4+ Ke8 15. Ne4 Be7 16. Nf6+ Bxf6 17. exf6 Kf7 18. Qxh6 Rg6 19. Ng5+ Kxf6 20. Nh7+ Kf7 21. Qf8# 1-0


[Site "https://www.chess.com"]

[Event "Titled Tuesday Blitz July 4 Early 2023"]
[White "Deng, Henry"]
[Black "Aravindh, Chithambaram VR."]
[WhiteFideId "30965454"]
[BlackFideId "5072786"]
[WhiteElo "2498"]
[BlackElo "2905"]
[Result "0-1"]
[Round "1"]
[TimeControl "180+2"]
[Date "2023.07.04"]
[WhiteClock "0:00:12"]
[BlackClock "0:00:11"]
[Board "36"]

1. e4 g6 2. d4 Bg7 3. Nc3 c6 4. Be3 d5 5. e5 Nh6 6. Qd2 Nf5 7. Bf4 Nd7 8. Nf3 h5 9. Be2 Nf8 10. h3 Ne6 11. Be3 b5 12. O-O-O Qa5 13. a3 Nxe3 14. fxe3 Rb8 15. g4 Qb6 16. Nb1 a5 17. Bd3 c5 18. dxc5 Nxc5 19. Nc3 e6 20. Bxb5+ Bd7 21. a4 Qc7 22. Qd4 Bxb5 23. axb5 Nd7 24. e4 Nxe5 25. Nxe5 Bxe5 26. Qa4 Bxc3 27. b6+ Qd7 28. Qxd7+ Kxd7 29. bxc3 hxg4 30. exd5 gxh3 31. dxe6+ Kxe6 32. Rhe1+ Kf6 33. Rd7 Rxb6 34. Rf1+ Kg5 35. Rdxf7 h2 36. Rh1 Kg4 37. Rd7 Rf6 38. Rd2 Kg3 39. Rd3+ Kg2 40. Rdd1 g5 41. c4 g4 42. c5 g3 43. Kb2 Rc6 44. Kb3 Rxc5 45. c4 Rb8+ 46. Kc3 Rb4 47. Rhe1 Rcxc4+ 48. Kd3 Rd4+ 49. Kc3 Rxd1 50. Rxd1 h1=Q 51. Rd2+ Kh3 52. Rd3 Qc1# 0-1


[Site "https://www.chess.com"]

[Event "Titled Tuesday Blitz July 4 Early 2023"]
[White "Zhigalko, Sergei"]
[Black "Martins, Vinicius Tine"]
[WhiteFideId "13502956"]
[BlackFideId "2112884"]
[WhiteElo "2901"]
[BlackElo "2497"]
[Result "1-0"]
[Round "1"]
[TimeControl "180+2"]
[Date "2023.07.04"]
[WhiteClock "0:00:06"]
[BlackClock "0:00:12"]
[Board "37"]

1. e4 c5 2. Nf3 Nc6 3. c3 d5 4. exd5 Qxd5 5. d4 e6 6. Na3 Nf6 7. Be3 cxd4 8. Nb5 Qd8 9. Nbxd4 Bd7 10. Nxc6 Bxc6 11. Ne5 Qc7 12. Nxc6 Qxc6 13. Qb3 a6 14. O-O-O Be7 15. Be2 Qxg2 16. Rhg1 Qc6 17. Rxg7 Nd5 18. Bf3 Bf6 19. Rxd5 exd5 20. Bxd5 Qb5 21. Qxb5+ axb5 22. Rxf7 Be7 23. Bd4 Rf8 24. Rxh7 Bf6 25. Bxb7 Bxd4 26. Bxa8 Bxf2 27. Bc6+ Kd8 28. Bxb5 Be3+ 29. Kd1 Rf2 30. Be2 Rg2 31. a4 Rg1+ 32. Kc2 Rg2 33. Kd3 Bg1 34. h3 Rg3+ 35. Kc4 Rg2 36. Kd3 Rg3+ 37. Kd2 Be3+ 38. Kc2 Rg2 39. Kd3 Bg1 40. b4 Rg3+ 41. Kd2 Be3+ 42. Kc2 Bf2 43. Bg4 Be1 44. Rd7+ Ke8 45. Rd3 Rg2+ 46. Kb3 Bd2 47. a5 Bc1 48. a6 Rb2+ 49. Kc4 Ra2 50. Kb5 Bb2 51. c4 Ba3 52. c5 Bxb4 53. Kxb4 Rxa6 54. Kb5 1-0


[Site "https://www.chess.com"]

[Event "Titled Tuesday Blitz July 4 Early 2023"]
[White "musclemonster12"]
[Black "Erdogmus, Yagiz Kaan"]
[BlackFideId "44599790"]
[WhiteElo "2497"]
[BlackElo "2899"]
[Result "0-1"]
[Round "1"]
[TimeControl "180+2"]
[Date "2023.07.04"]
[WhiteClock "0:00:15"]
[BlackClock "0:01:10"]
[Board "38"]

1. c4 e6 2. Nc3 d5 3. e3 Nf6 4. Nf3 b6 5. b3 Bb7 6. Bb2 Nbd7 7. cxd5 exd5 8. Rc1 a6 9. d3 Bd6 10. Be2 O-O 11. O-O c5 12. d4 Qe7 13. dxc5 bxc5 14. Re1 Rad8 15. Bd3 Ne4 16. Bf1 Ndf6 17. h3 Rfe8 18. Ne2 Nxf2 19. Bxf6 Qxe3 20. Ned4 Nxh3+ 21. Kh1 0-1


[Site "https://www.chess.com"]

[Event "Titled Tuesday Blitz July 4 Early 2023"]
[White "Nguyen, Ngoc Truong Son"]
[Black "Shubenkova, Veronika"]
[WhiteFideId "12401110"]
[BlackFideId "44124040"]
[WhiteElo "2897"]
[BlackElo "2493"]
[Result "1-0"]
[Round "1"]
[TimeControl "180+2"]
[Date "2023.07.04"]
[WhiteClock "0:00:06"]
[BlackClock "0:00:23"]
[Board "39"]

1. e4 e6 2. d4 d5 3. Nc3 Nf6 4. e5 Nfd7 5. f4 c5 6. Nf3 cxd4 7. Nxd4 a6 8. Be3 Nc6 9. Qd2 Bc5 10. Nb3 Bxe3 11. Qxe3 b5 12. h4 Nb6 13. O-O-O Nc4 14. Qf2 Bb7 15. h5 Qc7 16. h6 g6 17. Kb1 O-O-O 18. Bxc4 dxc4 19. Nc5 Nb4 20. a3 Nd5 21. Nxd5 Rxd5 22. Rxd5 exd5 23. b4 Kb8 24. Qd4 Rd8 25. g4 Bc8 26. Kb2 Qc6 27. Rg1 Re8 28. Rd1 Rd8 29. f5 gxf5 30. Qf4 fxg4 31. Qxf7 d4 32. e6 c3+ 33. Kb1 Qf3 34. Rf1 Qc6 35. Qf4+ Ka8 36. Qxg4 a5 37. e7 Re8 38. Qxd4 Rxe7 39. Qxc3 axb4 40. axb4 Qxh6 41. Kb2 Ra7 42. Nb3 Qg7 43. Rf6 Kb8 44. Rb6+ Ka8 45. Rxb5 Qxc3+ 46. Kxc3 Rc7+ 47. Rc5 Rxc5+ 48. Nxc5 h5 49. Kd4 h4 50. Ke3 h3 51. Kf2 Ka7 52. Kg3 Kb6 53. c4 Kc6 54. Nb3 Be6 55. Nd4+ Kd7 56. Nxe6 Kxe6 57. Kxh3 1-0


[Site "https://www.chess.com"]

[Event "Titled Tuesday Blitz July 4 Early 2023"]
[White "Shapiro, Viktor"]
[Black "Demchenko, Anton"]
[WhiteFideId "4175700"]
[BlackFideId "4160258"]
[WhiteElo "2488"]
[BlackElo "2893"]
[Result "1/2-1/2"]
[Round "1"]
[TimeControl "180+2"]
[Date "2023.07.04"]
[WhiteClock "0:00:20"]
[BlackClock "0:00:03"]
[Board "40"]

1. c4 e5 2. Nc3 Nc6 3. g3 Bc5 4. Bg2 d6 5. e3 a6 6. Nge2 Ba7 7. d4 h5 8. h3 h4 9. g4 f5 10. Qc2 Nge7 11. gxf5 Bxf5 12. Be4 Qd7 13. d5 Nb4 14. Qb1 a5 15. a3 Na6 16. b4 O-O 17. Bxf5 Nxf5 18. Ne4 b5 19. cxb5 Qxb5 20. N2c3 Qc4 21. Qa2 Qxa2 22. Nxa2 axb4 23. axb4 Bb6 24. Rb1 Nb8 25. Nac3 Nd7 26. Rg1 Nf6 27. Nxf6+ Rxf6 28. Ne4 Rff8 29. Ng5 Ne7 30. Ne6 Rf7 31. Ng5 Rf6 32. Ne4 Rf5 33. Nc3 Rf3 34. Rh1 Bd4 35. Ke2 Rxf2+ 36. Kxf2 Bxc3 37. e4 Ra2+ 38. Kf3 Bd4 39. Be3 Ra3 40. Rhe1 Ng6 41. Kf2 Nf4 42. Bxd4 Nd3+ 43. Kg1 Nxe1 44. Rxe1 exd4 45. Rd1 Rxh3 46. Rxd4 Rc3 47. e5 g5 48. e6 Kf8 49. b5 Rc5 50. Kf2 Rxb5 51. Kf3 Rb3+ 52. Kg4 Rg3+ 53. Kf5 Ke7 54. Rc4 h3 55. Rxc7+ Ke8 56. Rc8+ Ke7 57. Rc7+ Ke8 58. Rc8+ Ke7 59. Rc7+ 1/2-1/2


[Site "https://www.chess.com"]

[Event "Titled Tuesday Blitz July 4 Early 2023"]
[White "Grandelius, Nils"]
[Black "Postlmayer, Jakob"]
[WhiteFideId "1710400"]
[BlackFideId "1643622"]
[WhiteElo "2893"]
[BlackElo "2488"]
[Result "1-0"]
[Round "1"]
[TimeControl "180+2"]
[Date "2023.07.04"]
[WhiteClock "0:01:46"]
[BlackClock "0:00:02"]
[Board "41"]

1. Nf3 Nf6 2. g3 g6 3. Bg2 Bg7 4. O-O O-O 5. d4 d6 6. Re1 Ne4 7. c4 c5 8. Qc2 Bf5 9. g4 cxd4 10. gxf5 gxf5 11. Nbd2 Nxd2 12. Bxd2 e6 13. e3 dxe3 14. Bxe3 Nc6 15. Rad1 Qe7 16. Bg5 f6 17. Bf4 Rad8 18. Nd4 Nxd4 19. Rxd4 e5 20. Qxf5 Qd7 21. Bd5+ Kh8 22. Be6 Qe8 23. Re3 exf4 24. Rh3 h6 25. Rxf4 Qc6 26. Rfh4 Rg8 27. Qg6 1-0


[Site "https://www.chess.com"]

[Event "Titled Tuesday Blitz July 4 Early 2023"]
[White "Herzog2012"]
[Black "Demidov, Mikhail"]
[BlackFideId "4197143"]
[WhiteElo "2487"]
[BlackElo "2883"]
[Result "0-1"]
[Round "1"]
[TimeControl "180+2"]
[Date "2023.07.04"]
[WhiteClock "0:00:00"]
[BlackClock "0:00:28"]
[Board "42"]

1. e4 g6 2. d4 Bg7 3. Nc3 a6 4. a4 d6 5. g3 Nf6 6. Bg2 O-O 7. Nge2 e5 8. h3 exd4 9. Nxd4 Nc6 10. Be3 Re8 11. O-O Bd7 12. Re1 Qc8 13. Kh2 Re5 14. g4 Re8 15. Nxc6 bxc6 16. Qd3 Rb8 17. Rab1 c5 18. b3 Rb4 19. Nd5 Nxd5 20. exd5 f5 21. c3 c4 22. bxc4 Rxb1 23. Rxb1 fxg4 24. hxg4 Bxg4 25. Re1 Qd8 26. Kg1 Qf6 27. Bd2 Rf8 28. Qg3 Bd7 29. Bg5 Qf5 30. Re7 Rf7 31. Be4 Rxe7 32. Bxf5 Re1+ 33. Kg2 Bxf5 34. Qh4 Re4 35. Qg3 Rg4 0-1


[Site "https://www.chess.com"]

[Event "Titled Tuesday Blitz July 4 Early 2023"]
[White "Zherebukh, Yaroslav"]
[Black "Gheorghiu, Calin"]
[WhiteFideId "14116804"]
[BlackFideId "1200305"]
[WhiteElo "2882"]
[BlackElo "2486"]
[Result "1-0"]
[Round "1"]
[TimeControl "180+2"]
[Date "2023.07.04"]
[WhiteClock "0:01:09"]
[BlackClock "0:00:11"]
[Board "43"]

1. Nf3 d5 2. b3 Nf6 3. Bb2 Bf5 4. d3 h6 5. Nbd2 e6 6. g3 c5 7. Bg2 Nc6 8. O-O Be7 9. Ne5 Nxe5 10. Bxe5 O-O 11. c4 Rc8 12. Rc1 Qa5 13. Qc2 Rfd8 14. Qb2 Ne8 15. Bc3 Qa6 16. e4 dxe4 17. dxe4 Bh7 18. e5 b5 19. cxb5 Qxb5 20. Rfe1 Nc7 21. Nc4 Nd5 22. Bd2 Rd7 23. Bf1 Qb7 24. Na5 Qb6 25. Nc4 Qb7 26. Bg2 Rcd8 27. Nd6 Bxd6 28. exd6 Rxd6 29. Rxc5 Qb6 30. Qa3 Bg6 31. Ba5 Qa6 32. Bf1 Bd3 33. Bxd3 Qxd3 34. Bxd8 Rxd8 35. Qb2 Nf6 36. Qc2 Qf3 37. Rc8 Rxc8 38. Qxc8+ Kh7 39. Qc2+ g6 40. Qe2 Qd5 41. Qe5 Qd8 42. h3 h5 43. Qf4 Kg7 44. Qf3 Nd5 45. Rd1 Qa5 46. a4 Qb4 47. Qd3 Qc5 48. Qd4+ Qxd4 49. Rxd4 a5 50. Rc4 Kf6 51. Rc5 Ke5 52. Rxa5 Kd4 53. Ra7 Kc3 54. Rxf7 Kxb3 55. a5 1-0


[Site "https://www.chess.com"]

[Event "Titled Tuesday Blitz July 4 Early 2023"]
[White "Kupervaser, Erez"]
[Black "Elsa167"]
[WhiteFideId "2814587"]
[WhiteElo "2485"]
[BlackElo "2882"]
[Result "1-0"]
[Round "1"]
[TimeControl "180+2"]
[Date "2023.07.04"]
[WhiteClock "0:00:37"]
[BlackClock "0:00:00"]
[Board "44"]

1. e4 c5 2. Nf3 e6 3. d4 cxd4 4. Nxd4 Nf6 5. Nc3 Nc6 6. Nxc6 bxc6 7. e5 Nd5 8. Ne4 Qc7 9. f4 Rb8 10. c4 Bb4+ 11. Ke2 O-O 12. cxd5 cxd5 13. Ng5 h6 14. Nf3 f6 15. Qd3 fxe5 16. fxe5 Rb6 17. Kd1 Ba6 18. Qg6 Bxf1 19. Rxf1 Qc4 20. Rf2 Rf5 21. Bxh6 Qd3+ 22. Nd2 Bf8 23. g4 Rf3 24. Qxd3 Rxd3 25. Kc2 Rh3 26. Bf4 Rc6+ 27. Kd1 Rd3 28. Ke2 Rd4 29. h3 Rc2 30. Be3 Re4 31. Kd3 Rxe3+ 32. Kxe3 Bc5+ 33. Kd3 Rxb2 34. Re2 Bb4 35. Nf3 Rxe2 36. Kxe2 Kf7 37. Kd3 Ke7 38. Rb1 Bc5 39. Rb7 Bb6 40. Rb8 d6 41. Rb7+ Bc7 42. Rxc7+ 1-0


[Site "https://www.chess.com"]

[Event "Titled Tuesday Blitz July 4 Early 2023"]
[White "Ter-Sahakyan, Samvel"]
[Black "Rottenwohrer Suarez, Juan"]
[WhiteFideId "13302531"]
[BlackFideId "32068182"]
[WhiteElo "2879"]
[BlackElo "2483"]
[Result "1/2-1/2"]
[Round "1"]
[TimeControl "180+2"]
[Date "2023.07.04"]
[WhiteClock "0:00:03"]
[BlackClock "0:00:07"]
[Board "45"]

1. d4 Nf6 2. c4 g6 3. Nc3 Bg7 4. e4 d6 5. Be2 Na6 6. Be3 c5 7. e5 dxe5 8. dxe5 Qxd1+ 9. Rxd1 Ng4 10. Bxg4 Bxg4 11. f3 Be6 12. f4 Bxc4 13. b3 Be6 14. Nf3 O-O 15. Ng5 Bg4 16. Rd2 Rfd8 17. h3 Bd7 18. Kf2 Bc6 19. Rhd1 Rxd2+ 20. Rxd2 b6 21. Nd5 Re8 22. g4 f6 23. Nf3 Kf7 24. Nc3 fxe5 25. Nxe5+ Bxe5 26. fxe5 Ke6 27. Bh6 Nb4 28. Ke3 Kxe5 29. Bg7+ Ke6 30. Kf4 Nd5+ 31. Nxd5 Bxd5 32. Kg5 b5 33. Kh6 c4 34. bxc4 bxc4 35. Kxh7 Be4 36. Kh6 Bd3 37. Rb2 Kd5 38. Rb5+ Ke4 39. Ra5 e5 40. Rxa7 c3 41. Rc7 c2 42. Kxg6 Re6+ 43. Kf7 Ra6 44. Rc5 Rxa2 45. Rxe5+ Kf4 46. Re1 Kg3 47. Bh6 Kxh3 48. g5 Ra6 49. Ke7 Bg6 50. Kd7 Kg3 51. Rc1 Kf2 52. Bg7 Ke2 53. Bc3 Kd3 54. Bb2 Rb6 55. Ba3 Rb3 56. Bd6 Rb1 57. Bf4 Rb4 58. Be5 Rb5 59. Bf4 Rf5 60. Bd6 Rd5 61. Ke7 Rxg5 62. Kf6 Rb5 63. Be5 Rb1 64. Bf4 Be4 65. Kg5 Bf3 66. Kh4 Bd1 67. Kg3 Rb4 68. Bh6 Rb5 69. Kf2 Rb6 70. Bg5 Rg6 71. Bf4 Rf6 72. Kg3 Rxf4 73. Kxf4 Kd2 74. Rxc2+ Bxc2 1/2-1/2


[Site "https://www.chess.com"]